 Dungeon Crawl Stone Soup version 0.25-a0-1133-g93ebf739aa (webtiles) character file.

Game seed: 656554004608990593, levelgen mode: deterministic

1694872 Flugkiller the Black Belt (level 27, 168/236 HPs)
             Began as an Octopode Wanderer on May 22, 2020.
             Was a High Priest of Hepliaklqana.
             Escaped with the Orb
             ... and 3 runes!
             The game lasted 02:58:54 (69012 turns).

Flugkiller the Black Belt (Octopode Wanderer)      Turns: 69012, Time: 02:58:55

Health: 168/236    AC: 31    Str: 14    XL:     27
Magic:  30/47      EV: 49    Int: 32    God:    Hepliaklqana [*****.]
Gold:   4536       SH: 17    Dex: 36    Spells: 7/48 levels left

rFire    + + .     SeeInvis .     - Unarmed
rCold    + + +     Gourm    .   E - +2 kite shield
rNeg     + . .     Faith    .   P - +2 hat {MR+}
rPois    ∞         Spirit   +   J - amulet of guardian spirit
rElec    +         Reflect  .   S - +6 ring of intelligence
rCorr    .         Harm     .   M - ring of the Mage {Wiz MR++ Int+3}
MR       +++++                  L - +6 ring of dexterity
Stlth    ++........             O - ring of Giruz {MP+9 Dex+3}
HPRegen  0.49/turn              R - ring "Akkon" {*Contam +Inv rF+++ rC+++ EV+4 Int-3}
MPRegen  0.30/turn              m - +4 ring of evasion
                                W - ring "Ahaill" {rElec rF- rC+ EV+4 Dex+7}
                                c - +6 ring of dexterity

@: statue-form, hasted
A: almost no armour, stealthy swim, amphibious, 8 rings, constrict 8, reduced
essence, beak, camouflage 2, clever 2, cold resistance 1
0: Orb of Zot
}: 3/15 runes: decaying, serpentine, silver
a: End Transformation, Recall Ancestor, Ancestor Identity, Transference,
Idealise, Renounce Religion, Evoke Invisibility


You escaped.
You worshipped Hepliaklqana.
Hepliaklqana was extremely pleased with you.
You were full.
You were a stone statue.
You visited 9 branches of the dungeon, and saw 49 of its levels.

You collected 8971 gold pieces.
You spent 4435 gold pieces at shops.

Inventory:

Missiles
 y - 4 throwing nets (quivered)
Armour
 E - a +2 kite shield (worn)
   (You took it off a gnoll sergeant on level 12 of the Dungeon)
 P - a +2 hat of magic resistance (worn)
   (You found it on level 5 of the Vaults)
Jewellery
 b - the ring of Conversion {*Drain +Fly rF+ rC+ Dex+4}
   (You took it off a vault guard on level 5 of the Vaults)

   [ring of flight]

   It affects your dexterity (+4).
   It protects you from fire.
   It protects you from cold.
   It lets you fly.
   It causes draining when unequipped.
 c - a +6 ring of dexterity (on tentacle)
   (You found it on level 8 of the Dungeon)
 l - an uncursed ring of see invisible
   (You found it on level 1 of the Vaults)
 m - a +4 ring of evasion (on tentacle)
   (You took it off a tengu reaver on level 5 of the Vaults)
 r - an uncursed ring of resist corrosion
   (You found it on level 2 of the Dungeon)
 A - a +6 ring of intelligence
   (You bought it in a shop on level 2 of the Orcish Mines)
 J - an amulet of guardian spirit (around mantle)
   (You found it on level 8 of the Dungeon)
 L - a +6 ring of dexterity (on tentacle)
   (You found it on level 4 of the Lair of Beasts)
 M - the ring of the Mage (right tentacle) {Wiz MR++ Int+3}
   (You bought it in a shop on level 4 of the Depths)

   [ring of wizardry]

   It improves your spell success rate.
   It affects your intelligence (+3).
   It affects your resistance to hostile enchantments.
 O - the ring of Giruz (on tentacle) {MP+9 Dex+3}
   (You found it on level 3 of the Snake Pit)

   [ring of magical power]

   It affects your dexterity (+3).
   It affects your magic capacity (+9).
 R - the ring "Akkon" (on tentacle) {*Contam +Inv rF+++ rC+++ EV+4 Int-3}
   (You found it on level 6 of the Lair of Beasts)

   [ring of evasion]

   It affects your evasion (+4).
   It affects your intelligence (-3).
   It renders you almost immune to fire.
   It renders you almost immune to cold.
   It lets you turn invisible.
   It causes magical contamination when unequipped.
 S - a +6 ring of intelligence (left tentacle)
   (You found it on level 4 of the Vaults)
 W - the ring "Ahaill" (on tentacle) {rElec rF- rC+ EV+4 Dex+7}
   (You bought it in a shop on level 2 of the Orcish Mines)

   [ring of evasion]

   It affects your evasion (+4).
   It affects your dexterity (+7).
   It makes you vulnerable to fire.
   It protects you from cold.
   It insulates you from electricity.
Wands
 w - a wand of digging (15)
   (You found it on level 4 of the Dungeon)
 F - a wand of enslavement (21)
   (You found it on level 6 of the Lair of Beasts)
 Q - a wand of paralysis (3)
   (You found it on level 5 of the Lair of Beasts)
 X - a wand of acid (18)
   (You found it on level 11 of the Dungeon)
 Y - a wand of iceblast (48)
   (You found it on level 12 of the Dungeon)
 Z - a wand of clouds (23)
   (You found it on level 12 of the Dungeon)
Scrolls
 a - 16 scrolls of identify
 h - 21 scrolls of remove curse
 o - 4 scrolls of magic mapping
 q - 14 scrolls of teleportation
 u - 8 scrolls of fog
 z - 7 scrolls of blinking
 G - 6 scrolls of immolation
 K - 7 scrolls of fear
 N - 3 scrolls of summoning
 T - 3 scrolls of holy word
 U - 2 scrolls of silence
 V - 3 scrolls of vulnerability
Potions
 d - 4 potions of resistance
 g - a potion of might
 j - 7 potions of mutation
 k - 6 potions of magic
 n - 5 potions of cancellation
 p - a potion of berserk rage
 s - 12 potions of curing
 t - 7 potions of flight
 v - 4 potions of ambrosia
 x - a potion of invisibility
 C - 12 potions of heal wounds
 I - 4 potions of brilliance
Miscellaneous
 e - 2 phantom mirrors
 i - a tin of tremorstones (3/3)
   (You found it on level 2 of the Lair of Beasts)
 H - a phial of floods
   (You found it on level 1 of the Lair of Beasts)
Comestibles
 f - 69 rations


   Skills:
 + Level 20.4 Fighting
   Level 10.0 Polearms
 + Level 20.4 Dodging
 - Level 4.0 Stealth
 - Level 15.0 Shields
 + Level 20.4 Unarmed Combat
 - Level 11.0 Spellcasting
 - Level 4.0 Conjurations
 - Level 2.0 Summonings
 - Level 10.0 Necromancy
 - Level 8.0 Translocations
 - Level 11.0 Transmutations
   Level 4.0 Fire Magic
   Level 1.0 Ice Magic
 - Level 13.0 Earth Magic
 - Level 15.0 Invocations
 + Level 13.3 Evocations


You had 7 spell levels left.
You knew the following spells:

 Your Spells              Type           Power        Failure   Level  Hunger
a - Lesser Beckoning      Tloc           ######....   1%          3    None
b - Animate Dead          Necr           N/A          1%          4    None
c - Passage of Golubria   Tloc           N/A          1%          4    None
d - Stone Arrow           Conj/Erth      ######       1%          3    None
e - Agony                 Necr           ######..     1%          5    ##.....
f - Statue Form           Tmut/Erth      #######..    1%          6    ####...
g - Lee's Rapid Deconstr  Erth           #######...   1%          5    ##.....
h - Passwall              Tmut/Erth      #######.     1%          2    None
i - Irradiate             Conj/Tmut      ######....   1%          5    ##.....
q - Apportation           Tloc           ######       1%          1    None
r - Blink                 Tloc           N/A          1%          2    None
w - Summon Butterflies    Summ           ####....     1%          1    None

Your spell library contained the following spells:

 Spells                   Type           Power        Failure   Level  Hunger
 Sandblast                Erth           ######       0%          1    None
 Animate Skeleton         Necr           N/A          1%          1    None
 Corona                   Hex            ###....      1%          1    None
 Foxfire                  Conj/Fire      ####         1%          1    None
 Freeze                   Ice            ###.         1%          1    None
 Infusion                 Chrm           ###.         1%          1    None
 Magic Dart               Conj           ####         1%          1    None
 Pain                     Necr           ####         1%          1    None
 Shock                    Conj/Air       ####         1%          1    None
 Summon Small Mammal      Summ           ####         1%          1    None
 Call Imp                 Summ           ####....     1%          2    None
 Corpse Rot               Necr/Air       N/A          1%          2    None
 Ensorcelled Hibernation  Hex/Ice        ###...       1%          2    None
 Shroud of Golubria       Chrm/Tloc      #####.       1%          2    None
 Slow                     Hex            ###.....     1%          2    None
 Sublimation of Blood     Necr           ######....   1%          2    None
 Swiftness                Chrm/Air       ###.....     1%          2    None
 Call Canine Familiar     Summ           ####....     1%          3    None
 Conjure Flame            Conj/Fire      #####...     1%          3    None
 Dazzling Flash           Conj/Hex       ####..       1%          3    None
 Gell's Gravitas          Tloc           ######....   1%          3    None
 Ignite Poison            Fire/Tmut/Pois #####...     1%          3    None
 Inner Flame              Hex/Fire       ####....     1%          3    None
 Mephitic Cloud           Conj/Pois/Air  ####....     1%          3    None
 Recall                   Summ/Tloc      N/A          1%          3    None
 Spider Form              Tmut/Pois      ######....   1%          3    None
 Static Discharge         Conj/Air       ####....     1%          3    None
 Teleport Other           Tloc           ######..     1%          3    None
 Vampiric Draining        Necr           ######....   1%          3    None
 Dispel Undead            Necr           ######..     1%          4    None
 Leda's Liquefaction      Hex/Erth       ######....   1%          4    None
 Petrify                  Tmut/Erth      #######.     1%          4    None
 Hydra Form               Tmut           ######....   1%          6    ####...
 Frozen Ramparts          Ice            ###...       2%          3    None
 Ozocubu's Armour         Chrm/Ice       ###.....     2%          3    None
 Summon Guardian Golem    Hex/Summ       ###.....     2%          3    None
 Sticky Flame             Conj/Fire      #####...     2%          4    None
 Confusing Touch          Hex            ###.....     3%          3    None
 Tukima's Dance           Hex            ###.....     3%          3    None
 Alistair's Intoxication  Tmut/Pois      ######..     3%          5    ##.....
 Hailstorm                Conj/Ice       ####....     4%          4    None
 Excruciating Wounds      Chrm/Necr      #####.....   4%          5    ##.....
 Summon Forest            Summ/Tloc      #####.....   4%          5    ##.....
 Summon Ice Beast         Ice/Summ       ####....     6%          4    None
 Fireball                 Conj/Fire      #####.....   6%          5    ##.....
 Summon Lightning Spire   Summ/Air       ###.....     8%          4    None
 Airstrike                Air            ###.......   11%         4    None
 Dragon Form              Tmut           ######....   11%         7    ######.
 Aura of Abjuration       Summ           ####......   13%         5    ##.....
 Iskenderun's Battlesphe  Conj/Chrm      ####....     13%         5    ##.....
 Lightning Bolt           Conj/Air       ####......   13%         5    ##.....
 Summon Demon             Summ           ####......   13%         5    ##.....
 Eringya's Noxious Bog    Tmut/Pois      ######....   17%         6    ####...
 Summon Mana Viper        Hex/Summ       ###.....     21%         5    ##.....
 Shadow Creatures         Summ           N/A          56%         6    ####...
 Darkness                 Hex            ###.......   82%         6    ####...
 Invisibility             Hex            ###.....     82%         6    ####...


Dungeon Overview and Level Annotations

Branches:
Dungeon (15/15)            Temple (0/1) D:6            Lair (6/6) D:8
  Swamp (4/4) Lair:3        Snake (4/4) Lair:4        Slime (0/5) Lair:5
    Orc (2/2) D:12            Elf (3/3) Orc:2        Vaults (5/5) D:13
  Crypt (0/3) Vaults:3     Depths (5/5) D:15            Zot (5/5) Depths:5

Altars:
Ashenzari
Hepliaklqana
Sif Muna
Trog
Wu Jian
The Shining One
Beogh
Jiyva
Lugonu

Shops:
D:6 (!   D:8 (   Orc:1 [   Orc:2 =*?}   Vaults:3 [   Depths:4 =

Portals:
Hell: Depths:1 Depths:4 Depths:5
Abyss: Depths:4
Pandemonium: Depths:1 Depths:4
Ziggurat: Depths:4

Annotations:
D:2 1 runed translucent door, Crazy Yiuf
Lair:1 exclusions: 4 plants and 1 more exclusion
Lair:4 1 runed translucent door
Swamp:3 2 transporters, Xebloil's ghost, journeyman DsAK
Elf:2 3 runed translucent doors
Depths:1 1 runed translucent door, exclusions: acid blob, death ooze, slime creature and 1 more exclusion
Depths:4 2 transporters


Innate Abilities, Weirdness & Mutations

You cannot wear most types of armour.
You are very stealthy in the water. (Stealth+)
You are amphibious.
You can wear up to eight rings at the same time.
You can use your tentacles to constrict eight enemies at once.
Your skin blends seamlessly with your surroundings (Stealth++).
((Your rubbery body absorbs attacks. (AC +1, EV +1)))
Your life essence is reduced to manifest your ancestor. (-10% HP)
You have a beak for a mouth.
Your mind is very acute. (Int +4)
Your flesh is cold resistant. (rC+)


Message History

Your tin of tremorstones (3/3) has regained one charge.
You are engulfed in blazing flames.
You resist.
Unknown command.
You are engulfed in blazing flames.
You resist.
There is an open door here.
You closely miss the Ice Fiend.
You peck the Ice Fiend, but do no damage.
You are engulfed in blazing flames.
You resist.
Chinese Neck Man is engulfed in blazing flames.
The Ice Fiend gestures at you. The bolt of cold misses you.
You hear a sizzling sound!
You thrash the Ice Fiend!!! Your peck misses the Ice Fiend.
You tentacle-slap the Ice Fiend! You squeeze the Ice Fiend.
The Ice Fiend is severely wounded.
Chinese Neck Man mumbles some strange words.
The smoke demon appears confused.
You block the Ice Fiend's attack. The Ice Fiend closely misses you.
You barely miss the Ice Fiend.
You peck the Ice Fiend, but do no damage.
You tentacle-slap the Ice Fiend!
The Ice Fiend is severely wounded.
Chinese Neck Man gestures wildly while chanting.
The smoke demon appears confused.
Unknown command.
Unknown command.
Unknown command.
Unknown command.
You batter the Ice Fiend!!
You kill the Ice Fiend!
You hear some strange, mumbled words.
Something tries to affect you, but you resist.
There is an open door here.
Chinese Neck Man resists with almost no effort.
The smoke demon seems less confused.
Chinese Neck Man closely misses something.
Something touches Chinese Neck Man but does no damage.
Chinese Neck Man mumbles some strange words.
The smoke demon appears confused.
Something misses Chinese Neck Man.
Chinese Neck Man barely misses something.
There is a staircase leading out of the dungeon here.
Enter note: gg Chinese Neck Man gestures wildly while chanting.
The smoke demon appears confused.
You hear some strange, mumbled words.
A bolt of cold appears from out of thin air!
The bolt of cold hits Chinese Neck Man!
Chinese Neck Man resists.
You have escaped!

..# #..).....'....'.............
..####.....#..#....#.............
..........##..#....#.............
.........)'..>#3.R.#.............
..........#####....#.###......#..
..........# ##.....#.# #......#..
..........# #.P...P..###......#..
..........###..........+......'..
......######....8.....##......##.
......'....##.........##########.
......#######.P...P..## #..
......# ##.......# ### #######
##.....## #######


You could see the friendly Chinese Neck Man the hexer (fast, idealised) and a
smoke demon (confused).

Vanquished Creatures
  11 ancient liches (Zot:5)
  5 orbs of fire
  Mennas (Vaults:3)
  A juggernaut (Depths:5)
  Sojobo (Vaults:3)
  3 pandemonium lords
  Frederick (Vaults:3)
  6 Killer Klowns
  Bai Suzhen (Vaults:3)
  Vashnia (Snake:3)
  3 caustic shrikes (Depths:5)
  The ghost of Isedumueph the Tortoise, a veteran HuFi of Hepliaklqana (Vaults:2)
  5 golden dragons
  Nikola (Snake:1)
  A Tzitzimitl (D:5)
  A Brimstone Fiend (D:1)
  An electric golem (Zot:5)
  5 tentacled monstrosities
  The ghost of Wakhat the Tortoise, an adept MiFi of the Shining One (Vaults:2)
  25 Orb Guardians
  Asterion (Snake:1)
  5 quicksilver dragons
  2 deep elf blademasters (Elf:3)
  A Hell Sentinel (Zot:2)
  2 deep elf master archers (Elf:3)
  The ghost of Juteq the Nimble, an adept GnGl of Makhleb (Vaults:2)
  3 titans (Vaults:5)
  4 liches
  An Executioner (D:6)
  2 sphinxes
  2 thorn hunters
  Kirke (Swamp:4)
  3 shadow dragons (Vaults:5)
  3 death cobs
  3 draconian monks
  7 tengu reavers
  4 storm dragons
  5 nagarajas (Snake:4)
  A daeva (Zot:5)
  Roxanne (Swamp:1)
  6 fire giants
  Donald (Snake:2)
  6 deep elf sorcerers
  Aizul (Swamp:2)
  3 draconian knights
  6 frost giants
  2 ghost moths
  An emperor scorpion (shapeshifter) (Vaults:4)
  6 draconian scorchers
  19 vault wardens
  3 draconian shifters
  2 draconian annihilators
  18 ironheart preservers
  A deep elf elementalist (Elf:3)
  2 war gargoyles (Vaults:5)
  12 very ugly things
  4 draconian stormcallers
  A juggernaut skeleton (Depths:3)
  14 stone giants
  6 green draconians
  8 red draconians
  10 purple draconians
  2 vampire knights
  Azrael (D:15)
  2 black draconians
  8 deep elf demonologists
  5 deep elf annihilators
  2 spark wasps (Depths:5)
  8 white draconians
  6 yellow draconians
  7 deep elf death magi
  14 ettins
  A green death (Swamp:4)
  15 yaktaur captains
  8 fire dragons
  16 hydras
  15 ice dragons
  2 deep elf high priests (Elf:3)
  10 great orbs of eyes
  17 vault guards
  2 shambling mangroves (Swamp:3)
  Harold (D:9)
  4 rakshasas
  2 ghost crabs
  16 naga warriors
  13 alligators
  2 spriggan air magi
  32 two-headed ogres
  9 centaur warriors
  13 dancing weapons
  8 deep troll shamans
  5 tengu warriors
  11 ogre magi
  A death yak (shapeshifter) (Vaults:5)
  17 death yaks
  13 shock serpents
  6 deep troll earth magi
  14 naga sharpshooters
  13 anacondas
  An orc high priest (Orc:2)
  2 spriggan berserkers (Depths:3)
  A sun demon (D:1)
  24 deep elf knights
  4 salamander mystics
  2 shadow wraiths
  4 iron trolls
  8 skeletal warriors
  9 sea snakes
  An unseen horror (Vaults:1)
  2 hell knights (Vaults:3)
  A spark wasp zombie (Depths:1)
  46 deep trolls
  2 storm dragon skeletons (Vaults:3)
  3 shadow demons
  A spriggan druid (Swamp:2)
  10 naga ritualists
  2 wizards
  2 obsidian statues (Zot:5)
  3 swamp dragons (Swamp:4)
  12 deep elf archers
  A flayed ghost (Vaults:1)
  2 glowing orange brains
  A lindwurm (shapeshifter) (Elf:1)
  3 phantasmal warriors
  4 necromancers
  3 harpies
  4 orc sorcerers
  17 orc knights
  A golden dragon skeleton (Depths:3)
  15 mana vipers
  A harpy (shapeshifter) (Vaults:4)
  6 wolf spiders
  A frost giant zombie (Depths:1)
  2 tengu skeletons
  42 deep elf magi
  16 ironbrand convokers
  45 ugly things
  2 manticores
  16 salamanders
  10 cyclopes
  9 elephants
  A fire giant zombie (Depths:1)
  3 sphinx skeletons
  A rust devil (Depths:1)
  A centaur zombie (D:15)
  13 moths of wrath
  A toenail golem (D:12)
  39 black mambas
  15 vault sentinels
  11 guardian serpents
  A black mamba (shapeshifter) (Elf:1)
  A frost giant skeleton (Vaults:3)
  A torpor snail (Lair:6)
  15 spiny frogs
  21 naga magi
  3 centaur skeletons
  An orange demon (Swamp:4)
  A spiny frog (shapeshifter) (Vaults:1)
  A kobold demonologist (D:14)
  2 yaktaurs (shapeshifter)
  35 yaktaurs
  2 freezing wraiths
  A komodo dragon (shapeshifter) (Vaults:1)
  A demonic crawler (D:1)
  7 komodo dragons
  A yaktaur skeleton (Depths:1)
  A merfolk (shapeshifter) (Vaults:1)
  A red devil (D:5)
  5 tengu conjurers
  17 trolls
  3 meliai (D:15)
  A wind drake (shapeshifter) (Vaults:1)
  A jumping spider (shapeshifter) (Vaults:2)
  A jumping spider (Vaults:4)
  5 tyrant leeches
  A meliai (shapeshifter) (D:15)
  A wolf spider simulacrum (D:14)
  A queen bee (D:15)
  8 polar bears
  A deep troll zombie (Depths:1)
  11 hornets
  A raiju (shapeshifter) (Depths:5)
  A human simulacrum (Vaults:4)
  A raiju (Lair:6)
  3 blink frogs (Lair:6)
  39 slime creatures
  6 hippogriffs
  2 dream sheep (shapeshifter)
  A stone giant simulacrum (Vaults:3)
  14 bog bodies
  An elf zombie (Depths:1)
  7 water elementals
  A centaur simulacrum (D:14)
  3 spriggans
  Eustachio (D:4)
  A vampire (D:14)
  4 redbacks
  5 shadows
  A spriggan skeleton (Depths:1)
  A tarantella (shapeshifter) (Vaults:5)
  11 wyverns
  An air elemental (Elf:2)
  An ettin skeleton (Vaults:4)
  4 large abominations
  5 fire elementals
  32 yaks
  A basilisk (Lair:3)
  A golden eye (shapeshifter) (Depths:5)
  13 vampire mosquitoes
  A chaos spawn (D:1)
  7 wargs
  A soldier ant (D:13)
  53 nagas
  19 insubstantial wisps
  A warg (shapeshifter) (Vaults:5)
  14 swamp worms
  An acid dragon (Vaults:2)
  13 hell hounds
  A deep troll skeleton (Vaults:3)
  A floating eye (shapeshifter) (Vaults:3)
  6 swamp drakes
  An ice beast (D:12)
  4 porcupines
  35 water moccasins
  46 orc warriors
  13 black bears
  2 sky beasts (D:14)
  8 boggarts
  46 ogres
  36 wolves
  A phantom (D:14)
  An elf skeleton (Vaults:3)
  14 centaurs
  8 crocodiles
  An elf simulacrum (Vaults:1)
  5 big kobolds
  18 bullfrogs
  A wyvern zombie (D:12)
  4 gnoll sergeants
  3 earth elementals (Elf:1)
  A glowing shapeshifter simulacrum (Vaults:4)
  4 human skeletons
  5 scorpions
  7 hexers
  36 killer bees
  2 howler monkeys (D:4)
  3 electric eels
  7 crimson imps
  A quasit (D:9)
  A bullfrog zombie (D:5)
  5 jellies
  6 hounds
  20 orc priests
  A bullfrog skeleton (D:11)
  18 orc wizards
  Terence (D:2)
  5 worker ants
  An iguana (D:3)
  A hound skeleton (D:4)
  A worker ant zombie (D:2)
  23 adders
  8 gnolls
  2 shadow imps
  4 worms
  3 dart slugs (D:1)
  7 leopard geckos
  55 orcs
  2 ball pythons
  5 bats
  14 giant cockroaches
  3 goblins
  10 hobgoblins
  6 jackals
  16 kobolds
  3 quokkas
  2 frilled lizards
  A leopard gecko skeleton (D:5)
  11 rats
  3 fungi
1989 creatures vanquished.

Vanquished Creatures (collateral kills)
  Margery (Vaults:3)
  A caustic shrike (Depths:5)
  An electric golem (Zot:5)
  An Orb Guardian (Zot:5)
  A sphinx (Vaults:5)
  2 storm dragons
  3 nagarajas
  2 deep elf sorcerers
  A draconian scorcher (Zot:5)
  A vault warden (Vaults:3)
  A war gargoyle (Vaults:3)
  3 ironheart preservers
  A stone giant (Vaults:5)
  An entropy weaver (Vaults:4)
  3 very ugly things
  A green draconian (Zot:1)
  2 yellow draconians
  A white draconian (Zot:2)
  A deep elf death mage (Vaults:5)
  A green death (Swamp:4)
  Snorg (D:10)
  2 fire dragons
  2 yaktaur captains
  2 ogre magi
  Erolcha (D:12)
  A hydra (shapeshifter) (Vaults:5)
  A rakshasa (D:14)
  A naga warrior (Snake:3)
  9 vault guards (Vaults:5)
  4 hydras
  2 alligators (Swamp:1)
  3 centaur warriors
  4 two-headed ogres
  4 dancing weapons
  A death yak (Lair:6)
  A naga sharpshooter (Snake:4)
  A spriggan berserker (Depths:5)
  A deep troll earth mage (Depths:5)
  A hell knight (Vaults:3)
  2 deep elf knights
  2 sea snakes
  A glowing orange brain (Vaults:4)
  An unseen horror (Vaults:1)
  A storm dragon skeleton (Vaults:4)
  4 deep trolls
  An ironbrand convoker (Vaults:5)
  5 deep elf archers
  A phantasmal warrior (Vaults:5)
  2 orc knights
  A small abomination (Vaults:4)
  A wolf spider (Lair:6)
  3 mana vipers
  The ghost of PIKKUHERKKO the Cleaver, a novice DsBe of Trog (D:9)
  7 deep elf magi
  4 ugly things
  A large abomination (D:6)
  A rust devil (D:1)
  2 vault sentinels
  3 moths of wrath
  9 elephants
  2 orange demons (Swamp:4)
  8 black mambas
  2 centaur zombies
  2 spiny frogs (Lair:6)
  2 komodo dragons
  7 yaktaurs
  A freezing wraith (D:15)
  A tengu conjurer (D:13)
  2 trolls
  A polar bear (Lair:6)
  A tyrant leech (Swamp:2)
  A hornet (D:12)
  5 slime creatures
  2 hippogriffs
  2 blink frogs (Lair:6)
  6 bog bodies
  A raiju (shapeshifter) (Vaults:4)
  A spriggan (D:7)
  A redback (shapeshifter) (Depths:1)
  A wyvern (shapeshifter) (Vaults:5)
  4 wyverns
  6 yaks
  A water elemental (Depths:4)
  A hungry ghost (D:15)
  A vampire mosquito (Swamp:1)
  2 swamp worms
  3 wargs (Lair:6)
  3 insubstantial wisps
  3 nagas (Snake:4)
  4 hell hounds
  8 water moccasins
  3 porcupines
  An ice beast (shapeshifter) (Elf:3)
  3 black bears
  7 orc warriors
  2 swamp drakes
  An ice beast (D:8)
  2 sky beasts
  2 phantoms
  A boggart (Depths:1)
  6 ogres
  5 wolves
  4 crocodiles
  4 bullfrogs
  6 killer bees
  An electric eel (Snake:3)
  A jelly (D:13)
  3 orc priests
  2 centaur skeletons
  An iguana (D:7)
  3 orc wizards
  A bullfrog skeleton (D:11)
  A hexer (Lair:2)
  3 worker ants
  5 gnolls
  11 adders
  An adder skeleton (D:6)
  An adder zombie (D:5)
  10 orcs
  A ball python (Lair:4)
  A kobold (D:5)
  A fire vortex (D:1)
  5 fungi
  8 plants
316 creatures vanquished.

Vanquished Creatures (others)
  A deep elf demonologist (Elf:3)
  A vampire knight (Depths:1)
  A two-headed ogre (Orc:2)
  2 ugly things
  A necromancer (Depths:1)
  A red devil (D:1)
  A polar bear (Lair:6)
  A water moccasin (Lair:2)
  An ancestor (D:3)
  73 hexers
  A briar patch (Swamp:2)
  2 bushes
  12 fungi
  39 plants
  6 toadstools (Lair:4)
  4 withered plants (Vaults:2)
147 creatures vanquished.

Grand Total: 2452 creatures vanquished

Notes
Turn   | Place    | Note
-------+----------+-------------------------------------------
     0 | D:1      | Flugkiller the Octopode Wanderer began the quest for the
                  | Orb.
     0 | D:1      | Flugkiller set off with the following items: a +0 club, a
                  | +0 dagger, a ration; and the following spells available to
                  | memorise: Sandblast, Magic Dart, Stone Arrow, Blink, Call
                  | Imp, Slow, Conjure Flame, Mephitic Cloud
     0 | D:1      | Reached XP level 1. HP: 11/11 MP: 4/4
     2 | D:1      | Learned a level 1 spell: Sandblast
   281 | D:1      | Reached skill level 1 in Fighting
   328 | D:1      | Reached skill level 1 in Dodging
   328 | D:1      | Reached XP level 2. HP: 5/18 MP: 6/6
  1587 | D:1      | Reached XP level 3. HP: 23/23 MP: 7/7
  2102 | D:2      | Noticed Terence
  2131 | D:2      | Killed Terence
  2131 | D:2      | Reached XP level 4. HP: 25/28 MP: 8/8
  2566 | D:2      | Found a runed translucent door.
  2567 | D:2      | Noticed Crazy Yiuf
  3237 | D:2      | Reached XP level 5. HP: 33/33 MP: 9/9
  3303 | D:2      | Learned a level 2 spell: Call Imp
  3895 | D:2      | Reached skill level 1 in Summonings
  4467 | D:3      | Found a faded altar of an unknown god.
  4477 | D:3      | Became a worshipper of Hepliaklqana the Forgotten
  4477 | D:3      | Reached * piety under Hepliaklqana
  4811 | D:4      | Reached XP level 6. HP: 35/35 MP: 10/10
  4927 | D:4      | Reached XP level 7. HP: 18/40 MP: 12/14
  4978 | D:3      | please dont kill me, random energy
  5061 | D:3      | phew, what a scaer
  5061 | D:3      | scare*
  5367 | D:4      | alright, 3 mut pots, you know what time it is
  5367 | D:4      | Gained mutation: You have an increased reservoir of magic.
                  | (+10% MP) [potion of mutation]
  5367 | D:4      | Gained mutation: One of your tentacles bears a spike.
                  | [potion of mutation]
  5369 | D:4      | not much but I'll take it
  5399 | D:4      | Reached skill level 5 in Spellcasting
  5626 | D:4      | Reached ** piety under Hepliaklqana
  5631 | D:4      | Learned a level 3 spell: Conjure Flame
  5658 | D:4      | Noticed Eustachio
  5673 | D:4      | Remembered your ancestor Chinese Neck Man as a hexer
  5685 | D:4      | Killed Eustachio
  5685 | D:4      | Reached skill level 1 in Conjurations
  5685 | D:4      | Reached skill level 1 in Fire Magic
  6016 | D:5      | Entered Level 5 of the Dungeon
  6161 | D:4      | Reached XP level 8. HP: 46/46 MP: 11/17
  6478 | D:5      | Reached skill level 5 in Dodging
  7298 | D:5      | Found a shimmering blue altar of Sif Muna.
  7299 | D:5      | Found an ornate altar of the Wu Jian Council.
  7324 | D:6      | Found Uzu Ejij's Distillery.
  7331 | D:6      | Bought a potion of haste for 100 gold pieces
  7331 | D:6      | Bought a potion of heal wounds for 50 gold pieces
  7376 | D:6      | Found Vaheres's Weapon Boutique.
  7471 | D:6      | Found a staircase to the Ecumenical Temple.
  7745 | D:6      | Reached skill level 1 in Polearms
  7745 | D:6      | Reached skill level 1 in Shields
  8377 | D:6      | Reached XP level 9. HP: 47/52 MP: 18/18
  8439 | D:6      | Learned a level 3 spell: Stone Arrow
  8442 | D:6      | Learned a level 2 spell: Blink
  9389 | D:7      | Reached *** piety under Hepliaklqana
 10304 | D:8      | Noticed a death yak
 10582 | D:8      | Noticed a death yak
 10599 | D:8      | Noticed a death yak
 10600 | D:8      | Noticed a death yak
 10602 | D:8      | Killed a death yak
 10602 | D:8      | Reached skill level 5 in Polearms
 10602 | D:8      | Noticed a death yak
 10605 | D:8      | Noticed a death yak
 10618 | D:8      | Killed a death yak
 10618 | D:8      | Reached XP level 10. HP: 50/56 MP: 4/19
 10620 | D:8      | Killed a death yak
 10620 | D:8      | Killed a death yak
 10620 | D:8      | Reached skill level 5 in Fighting
 10621 | D:8      | Killed a death yak
 10623 | D:8      | Killed a death yak
 10623 | D:8      | Reached skill level 10 in Dodging
 10646 | D:7      | ok I just fought 6 death yaks at once... on D:8
 10885 | D:8      | Found a staircase to the Lair.
 10974 | D:8      | Found Geuwe's Weapon Shop.
 11258 | D:9      | Found a bloodstained altar of Trog.
 11259 | D:9      | Noticed Harold
 11455 | D:9      | Reached XP level 11. HP: 38/64 MP: 9/20
 11578 | D:9      | Killed Harold
 11755 | D:9      | Reached skill level 1 in Invocations
 12306 | D:9      | Reached **** piety under Hepliaklqana
 12437 | Lair:1   | Entered Level 1 of the Lair of Beasts
 12692 | Lair:1   | Reached skill level 1 in Translocations
 13686 | Lair:2   | Reached skill level 5 in Earth Magic
 13779 | Lair:2   | Noticed a seven-headed hydra
 14494 | Lair:2   | Reached skill level 5 in Invocations
 14575 | Lair:2   | Reached XP level 12. HP: 71/71 MP: 21/21
 14651 | Lair:2   | Killed a seven-headed hydra
 16681 | Lair:3   | Reached ***** piety under Hepliaklqana
 16855 | Lair:3   | Learned a level 1 spell: Animate Skeleton
 17083 | Lair:3   | Reached skill level 1 in Necromancy
 18845 | Lair:3   | Reached XP level 13. HP: 52/77 MP: 10/22
 18928 | Lair:3   | Found a staircase to the Swamp.
 19085 | Lair:4   | Found a staircase to the Snake Pit.
 19758 | Lair:4   | Found a runed translucent door.
 19778 | Lair:4   | Noticed a dire elephant
 20049 | Lair:4   | Learned a level 5 spell: Agony
 20744 | Lair:5   | Reached skill level 10 in Polearms
 20999 | Lair:5   | Found a staircase to the Slime Pits.
 21890 | Lair:6   | Entered Level 6 of the Lair of Beasts
 21979 | Lair:6   | Reached skill level 5 in Necromancy
 23414 | Lair:6   | Reached skill level 1 in Evocations
 23643 | Lair:6   | Reached XP level 14. HP: 82/84 MP: 23/23
 23810 | Lair:6   | Reached skill level 5 in Evocations
 24303 | Lair:6   | Got a shimmering granite ring
 24309 | Lair:6   | Identified the ring "Akkon" {*Contam +Inv rF+++ rC+++ EV+4
                  | Int-3} (You found it on level 6 of the Lair of Beasts)
 24486 | Lair:6   | Reached skill level 10 in Necromancy
 24494 | Lair:6   | Learned a level 6 spell: Statue Form
 24709 | Lair:6   | Reached skill level 1 in Transmutations
 26504 | D:10     | Entered Level 10 of the Dungeon
 26504 | D:10     | Found a runed translucent gate.
 26504 | D:10     | Found a runed translucent gate.
 26504 | D:10     | Found a runed translucent gate.
 26504 | D:10     | Noticed PIKKUHERKKO's ghost (novice DsBe)
 26509 | D:10     | Noticed Snorg
 26562 | D:10     | Killed Snorg
 26840 | D:9      | Killed PIKKUHERKKO's ghost
 27401 | D:10     | Found a shattered altar of Ashenzari.
 28930 | D:12     | Reached XP level 15. HP: 89/89 MP: 28/28
 28973 | D:12     | Noticed Erolcha
 28980 | D:12     | Killed Erolcha
 28980 | D:12     | Reached skill level 5 in Transmutations
 29436 | D:12     | Reached ****** piety under Hepliaklqana
 29691 | D:12     | Found a staircase to the Orcish Mines.
 30089 | D:13     | Reached skill level 10 in Earth Magic
 30208 | D:13     | Found a gate to the Vaults.
 33905 | D:15     | Entered Level 15 of the Dungeon
 33905 | D:15     | Found a viscous altar of Jiyva.
 34474 | D:15     | Noticed Azrael
 34719 | D:15     | Killed Azrael
 34909 | D:15     | Reached XP level 16. HP: 73/94 MP: 31/31
 35825 | D:15     | Found a staircase to the Depths.
 35969 | Orc:1    | Entered Level 1 of the Orcish Mines
 36360 | Orc:1    | Found Moxzus's Armour Shop.
 36451 | Orc:2    | Entered Level 2 of the Orcish Mines
 36777 | Orc:2    | Reached skill level 10 in Transmutations
 36894 | Orc:2    | Found Mextyv's Assorted Antiques.
 36956 | Orc:2    | Noticed Sonja
 36989 | Orc:2    | Noticed Sonja
 36989 | Orc:2    | Sonja changed into Sonja the moth of wrath
 36992 | Orc:2    | Killed Sonja the moth of wrath
 37283 | Orc:2    | Found Gourgh Jocke's Gadget Boutique.
 37286 | Orc:2    | Bought a scroll labeled QYSIOBB WOIFU for 30 gold pieces
 37288 | Orc:2    | Found Ikusyiru's Jewellery Emporium.
 37292 | Orc:2    | Found Violuned's Magic Scroll Emporium.
 37328 | Orc:2    | Found a staircase to the Elven Halls.
 38206 | Orc:1    | Found a roughly hewn altar of Beogh.
 38670 | Orc:2    | Bought the ring "Ahaill" {rElec rF- rC+ EV+4 Dex+7} for 905
                  | gold pieces
 38671 | Orc:2    | Bought a +6 ring of intelligence for 819 gold pieces
 38904 | Swamp:1  | Entered Level 1 of the Swamp
 39453 | Swamp:1  | Identified Roxanne's Disquisition on the Mountains
 39453 | Swamp:1  | Noticed Roxanne
 39470 | Swamp:1  | Killed Roxanne
 39553 | Swamp:1  | Learned a level 5 spell: Irradiate
 39559 | Swamp:1  | Learned a level 5 spell: Lee's Rapid Deconstruction
 40350 | Swamp:2  | Reached XP level 17. HP: 101/101 MP: 33/33
 40415 | Swamp:2  | Noticed Aizul
 40430 | Swamp:2  | Killed Aizul
 41092 | Swamp:3  | Found a transporter.
 41093 | Swamp:3  | Identified the +5 broad axe of Buwn {antimagic, rPois rF+
                  | Str-2 Int+2}
 41104 | Swamp:3  | Found a transporter.
 41213 | Swamp:3  | Reached skill level 10 in Fighting
 41331 | Swamp:3  | Noticed Xebloil's ghost (journeyman DsAK)
 41346 | Swamp:3  | Found a bloodstained altar of Trog.
 41542 | Swamp:3  | Identified a scroll of acquirement
 41945 | Orc:2    | Bought a scroll of teleportation for 39 gold pieces
 41945 | Orc:2    | Bought a scroll of blinking for 97 gold pieces
 41945 | Orc:2    | Bought a scroll of teleportation for 39 gold pieces
 41945 | Orc:2    | Bought a scroll of magic mapping for 45 gold pieces
 41945 | Orc:2    | Bought a scroll of blinking for 97 gold pieces
 41945 | Orc:2    | Bought a scroll of enchant weapon for 97 gold pieces
 41945 | Orc:2    | Bought a scroll of teleportation for 39 gold pieces
 41945 | Orc:2    | Bought a scroll of teleportation for 39 gold pieces
 41956 | Orc:2    | Bought a wand of clouds (6) for 360 gold pieces
 41956 | Orc:2    | Bought a scroll of blinking for 225 gold pieces
 42200 | Swamp:4  | Entered Level 4 of the Swamp
 42325 | Swamp:4  | Noticed Kirke
 42344 | Swamp:4  | Killed Kirke
 42698 | Swamp:4  | Reached skill level 1 in Unarmed Combat
 42774 | Swamp:4  | Noticed a tentacled monstrosity
 42789 | Swamp:4  | Killed a tentacled monstrosity
 42894 | Swamp:4  | Got a decaying rune of Zot
 43354 | Orc:2    | Learned a level 4 spell: Animate Dead
 43574 | Snake:1  | Entered Level 1 of the Snake Pit
 43879 | Snake:1  | Reached skill level 5 in Unarmed Combat
 44030 | Snake:1  | Reached XP level 18. HP: 109/109 MP: 21/34
 44032 | Snake:1  | Noticed Asterion
 44044 | Snake:1  | Killed Asterion
 44628 | Orc:2    | Bought a wand of acid (8) for 264 gold pieces
 44628 | Orc:2    | Bought a wand of clouds (7) for 363 gold pieces
 44937 | Snake:1  | Noticed Nikola
 44952 | Snake:1  | Killed Nikola
 45424 | Snake:2  | Noticed Donald
 45430 | Snake:2  | Killed Donald
 45911 | Snake:2  | Identified the +9 war axe "Bophedak" {venom, rN+ MP+9
                  | Int-2}
 46164 | Snake:2  | You fall into a shaft and drop 1 floor!
 46171 | Snake:3  | Noticed Vashnia
 46237 | Snake:2  | Reached skill level 10 in Invocations
 47126 | Snake:3  | Reached skill level 15 in Dodging
 47136 | Snake:3  | Got a fine long sword
 47435 | Snake:3  | Found a transporter.
 47464 | Snake:3  | Killed Vashnia
 47482 | Snake:3  | Reached XP level 19. HP: 97/117 MP: 24/35
 47858 | Snake:3  | Found a transporter.
 48179 | Snake:3  | Got a sparkling wooden ring
 48192 | Snake:3  | Identified the ring of Giruz {MP+9 Dex+3} (You found it on
                  | level 3 of the Snake Pit)
 48195 | Snake:3  | Identified the ring of Basecat {*Tele Int+3} (You found it
                  | on level 3 of the Snake Pit)
 48260 | Snake:4  | Entered Level 4 of the Snake Pit
 48267 | Snake:4  | Reached skill level 10 in Unarmed Combat
 49638 | Snake:4  | epic
 50017 | Snake:4  | Got a serpentine rune of Zot
 50431 | Elf:1    | Entered Level 1 of the Elven Halls
 50598 | Elf:1    | Reached XP level 20. HP: 126/126 MP: 36/36
 52035 | Elf:2    | Got an ancient bronze ring
 52036 | Elf:2    | Identified the ring "Hirroc" {rF+ rC+ Stlth+} (You found it
                  | on level 2 of the Elven Halls)
 52204 | Elf:2    | Found a runed translucent gate.
 52204 | Elf:2    | Found a runed translucent gate.
 52233 | Elf:2    | Found a runed translucent gate.
 52377 | Elf:3    | Entered Level 3 of the Elven Halls
 54144 | Elf:3    | Found the +6 lightning scales {run, rElec}
 54189 | Elf:3    | Identified the ring "Sufel" {Ice Int-5 Dex+3 Stlth+} (You
                  | found it on level 3 of the Elven Halls)
 54581 | Orc:2    | Learned a level 4 spell: Passage of Golubria
 54587 | Orc:2    | Learned a level 3 spell: Lesser Beckoning
 54685 | Vaults:1 | Entered Level 1 of the Vaults
 54730 | Vaults:1 | Reached XP level 21. HP: 133/133 MP: 24/37
 54860 | Vaults:1 | Reached skill level 15 in Unarmed Combat
 55087 | Vaults:1 | Learned a level 1 spell: Apportation
 55448 | Vaults:1 | Reached skill level 5 in Translocations
 55594 | Vaults:1 | Reached skill level 10 in Spellcasting
 56866 | Vaults:2 | You fall into a shaft and drop 1 floor!
 57092 | Vaults:3 | Found a staircase to the Crypt.
 57135 | Vaults:3 | Noticed Mennas
 57154 | Vaults:3 | Killed Mennas
 57154 | Vaults:3 | Reached XP level 22. HP: 138/138 MP: 39/40
 57342 | Vaults:3 | Noticed Margery
 57348 | Vaults:3 | Killed Margery
 57470 | Vaults:3 | Noticed Bai Suzhen
 57480 | Vaults:3 | Killed Bai Suzhen
 57618 | Vaults:3 | Noticed Frederick
 57632 | Vaults:3 | Killed Frederick
 57632 | Vaults:3 | Reached skill level 5 in Shields
 57976 | Vaults:3 | Noticed Sojobo
 57983 | Vaults:3 | Killed Sojobo
 57992 | Vaults:3 | Found Deuxifuh's Armour Shop.
 58531 | Vaults:4 | Found a glowing golden altar of the Shining One.
 58787 | Vaults:4 | Reached skill level 15 in Fighting
 59360 | Vaults:4 | Reached XP level 23. HP: 145/145 MP: 41/41
 59685 | Vaults:5 | Entered Level 5 of the Vaults
 59836 | Vaults:5 | Noticed a golden dragon
 59850 | Vaults:5 | Killed a golden dragon
 59891 | Vaults:5 | Identified the ring of Conversion {*Drain +Fly rF+ rC+
                  | Dex+4}
 59896 | Vaults:5 | Got a silver rune of Zot
 60131 | Vaults:5 | Reached skill level 10 in Shields
 60493 | Vaults:5 | Identified the Guide on Helpful Venom
 60627 | Vaults:5 | Reached XP level 24. HP: 155/155 MP: 41/41
 61257 | Vaults:5 | Identified the cursed +1 long sword "Hekhatsy" {vorpal,
                  | rC+}
 61849 | Vaults:2 | Found a runed translucent gate.
 61849 | Vaults:2 | Found a runed translucent gate.
 61850 | Vaults:2 | Found a runed translucent gate.
 62555 | Vaults:2 | Noticed Juteq's ghost (adept GnGl)
 62556 | Vaults:2 | Noticed Isedumueph's ghost (veteran HuFi)
 62557 | Vaults:2 | Noticed Wakhat's ghost (adept MiFi)
 62576 | Vaults:2 | Killed Juteq's ghost
 62580 | Vaults:2 | Killed Isedumueph's ghost
 62584 | Vaults:2 | Killed Wakhat's ghost
 62967 | Depths:1 | Entered Level 1 of the Depths
 63066 | Depths:1 | Learned a level 1 spell: Summon Butterflies
 63275 | Depths:1 | Reached XP level 25. HP: 164/164 MP: 41/41
 63405 | Depths:1 | Found the +8 storm bow {elec, penet}
 63410 | Depths:1 | Found a runed translucent door.
 63494 | Depths:1 | Found a one-way gate leading to the halls of Pandemonium.
 63910 | Depths:1 | Found a gateway to Hell.
 64110 | Depths:4 | Reached skill level 15 in Shields
 64670 | Depths:4 | Found a one-way gate to the infinite horrors of the Abyss.
 64680 | Depths:4 | Found Qeic's Jewellery Boutique.
 64694 | Depths:4 | Bought the ring of the Mage {Wiz MR++ Int+3} for 827 gold
                  | pieces
 64694 | Depths:4 | Found the ring of the Mage {Wiz MR++ Int+3}
 64715 | Depths:4 | Found a corrupted altar of Lugonu.
 64853 | Depths:4 | You fall into a shaft and drop 1 floor!
 64853 | Depths:5 | Entered Level 5 of the Depths
 64853 | Depths:5 | Noticed a juggernaut
 64874 | Depths:5 | Killed a juggernaut
 64982 | Depths:4 | Found a gateway to a ziggurat.
 65112 | Depths:4 | Found a transporter.
 65180 | Depths:4 | Found a transporter.
 65409 | Depths:5 | Found a gate to the Realm of Zot.
 65682 | Zot:1    | Entered Level 1 of the Realm of Zot
 65700 | Zot:1    | Reached XP level 26. HP: 171/171 MP: 35/41
 65736 | Zot:1    | Identified the +8 scimitar of Optimality {venom, +Blink
                  | rPois rC- Stlth+} (You found it on level 1 of the Realm of
                  | Zot)
 65974 | Zot:2    | Noticed a Killer Klown
 65996 | Zot:2    | Killed a Killer Klown
 66148 | Zot:2    | Noticed a Killer Klown
 66170 | Zot:2    | Killed a Killer Klown
 66180 | Zot:2    | Noticed an orb of fire
 66188 | Zot:2    | Killed an orb of fire
 66345 | Zot:4    | Learned a level 2 spell: Passwall
 66414 | Zot:5    | Entered Level 5 of the Realm of Zot
 66929 | Zot:5    | Noticed an orb of fire
 66929 | Zot:5    | Noticed an orb of fire
 66944 | Zot:5    | Killed an orb of fire
 66944 | Zot:5    | Reached skill level 10 in Evocations
 66947 | Zot:5    | Lost mutation: You have an increased reservoir of magic.
                  | (+10% MP) [an orb of fire]
 66949 | Zot:5    | Killed an orb of fire
 66973 | Zot:5    | Reached XP level 27. HP: 177/179 MP: 38/38
 67076 | Zot:5    | Noticed an ancient lich
 67087 | Zot:5    | Noticed an ancient lich
 67089 | Zot:5    | Killed an ancient lich
 67091 | Zot:5    | Noticed an orb of fire
 67098 | Zot:5    | Killed an ancient lich
 67103 | Zot:5    | Gained mutation: You are dopey. (Int -2) [an orb of fire]
 67107 | Zot:5    | Gained mutation: You are weak. (Str -2) [an orb of fire]
 67108 | Zot:5    | Killed an orb of fire
 67115 | Zot:5    | Noticed an orb of fire
 67119 | Zot:5    | Gained mutation: You are frail. (-10% HP) [an orb of fire]
 67127 | Zot:5    | Killed an orb of fire
 67300 | Zot:5    | Lost mutation: You are dopey. (Int -2) [potion of mutation]
 67300 | Zot:5    | Lost mutation: You are weak. (Str -2) [potion of mutation]
 67300 | Zot:5    | Lost mutation: You are frail. (-10% HP) [potion of
                  | mutation]
 67300 | Zot:5    | Gained mutation: You tend to lose your temper in combat.
                  | [potion of mutation]
 67300 | Zot:5    | Gained mutation: You are resistant to hostile enchantments.
                  | (MR+) [potion of mutation]
 67300 | Zot:5    | Gained mutation: One of your tentacles bears a nasty spike.
                  | [potion of mutation]
 67301 | Zot:5    | Lost mutation: You tend to lose your temper in combat.
                  | [potion of mutation]
 67301 | Zot:5    | Lost mutation: You are resistant to hostile enchantments.
                  | (MR+) [potion of mutation]
 67301 | Zot:5    | Lost mutation: One of your tentacles bears a nasty spike.
                  | [potion of mutation]
 67301 | Zot:5    | Gained mutation: You are occasionally teleported next to
                  | monsters. [potion of mutation]
 67301 | Zot:5    | Gained mutation: You are dopey. (Int -2) [potion of
                  | mutation]
 67301 | Zot:5    | Gained mutation: Your system is resistant to poisons.
                  | (rPois) [potion of mutation]
 67302 | Zot:5    | Lost mutation: You are dopey. (Int -2) [potion of mutation]
 67302 | Zot:5    | Lost mutation: One of your tentacles bears a spike. [potion
                  | of mutation]
 67302 | Zot:5    | Gained mutation: You are clumsy. (Dex -2) [potion of
                  | mutation]
 67302 | Zot:5    | Gained mutation: Your skin blends seamlessly with your
                  | surroundings (Stealth++). [potion of mutation]
 67302 | Zot:5    | Gained mutation: You have a beak for a mouth. [potion of
                  | mutation]
 67303 | Zot:5    | Lost mutation: You are occasionally teleported next to
                  | monsters. [potion of mutation]
 67303 | Zot:5    | Lost mutation: Your system is resistant to poisons. (rPois)
                  | [potion of mutation]
 67303 | Zot:5    | Lost mutation: You are clumsy. (Dex -2) [potion of
                  | mutation]
 67303 | Zot:5    | Gained mutation: Your mind is acute. (Int +2) [potion of
                  | mutation]
 67303 | Zot:5    | Gained mutation: Your mind is very acute. (Int +4) [potion
                  | of mutation]
 67303 | Zot:5    | Gained mutation: Your flesh is cold resistant. (rC+)
                  | [potion of mutation]
 67356 | Zot:5    | Noticed an ancient lich
 67368 | Zot:5    | Killed an ancient lich
 67552 | Zot:5    | Noticed an ancient lich
 67566 | Zot:5    | Killed an ancient lich
 67635 | Zot:5    | Noticed an ancient lich
 67649 | Zot:5    | Killed an ancient lich
 67652 | Zot:5    | Noticed an ancient lich
 67662 | Zot:5    | Killed an ancient lich
 67727 | Zot:5    | Noticed an ancient lich
 67739 | Zot:5    | Killed an ancient lich
 67778 | Zot:5    | Reached skill level 15 in Invocations
 67815 | Zot:5    | Noticed an ancient lich
 67822 | Zot:5    | Killed an ancient lich
 67837 | Zot:5    | Noticed an ancient lich
 67840 | Zot:5    | Noticed an ancient lich
 67843 | Zot:5    | Killed an ancient lich
 67847 | Zot:5    | Killed an ancient lich
 67861 | Zot:5    | Noticed an ancient lich
 67867 | Zot:5    | Killed an ancient lich
 68213 | Zot:5    | Got the Orb of Zot
 68508 | D:15     | Noticed Puraez the pandemonium lord
 68830 | D:5      | Noticed Veotidumi the pandemonium lord
 68838 | D:5      | Killed Veotidumi the pandemonium lord
 68963 | D:1      | Noticed Nuat the pandemonium lord
 68964 | D:1      | last boss time
 68974 | D:1      | Killed Nuat the pandemonium lord
 68975 | D:1      | amazing, the pan lord got paralyzed
 68981 | D:1      | Noticed Setokh the pandemonium lord
 68981 | D:1      | oh crap it wasn't the final form!!!!
 68981 | D:1      | fire storm this time
 68994 | D:1      | Killed Setokh the pandemonium lord
 69011 | D:1      | gg
 69012 | D:$      | Escaped with the Orb!

Illustrated notes ....8._.8..##### .....8.8.......# ############ ......8....###.## #..........# ...........# #..# #..........# ###.....#..####.###..........#### .............................'.># ###..[..#...####.##..........##.. ###..........#l##..........#### #..........#@#########....... #.............# #.###### #.........)...# #.###.## #.............# #.....#. #.............########.#.#... #..............##............ ###.......#.#..##............ #.......#.#............###. #.......#.#.#..........# #. Turn 4978 on D:3: please dont kill me, random energy ### #.# #<# #.# #.# #.# #.######## #........# ########### #.@#####.# ..........# #..# #.# ..........# #..# #.# ..........#####..# #.# .......l..+.>##..# #.# ..........##.....# #.# ..........#####.### #.# #######.......†...# #.# #.#######.#.# #.# Turn 5061 on D:3: phew, what a scaer #. #8...8##.)..## #.########...###.##.# #............#...##..# #......####..#####.# #......####.## .# #...........# .# #......###### ## #...R..# ## #...@..# ... #......# ... #......# ... #...<..# ### ######## # Turn 5367 on D:4: alright, 3 mut pots, you know what time it is #. #8...8##.)..## #.########...###.##.# #............#...##..# #......####..#####.# #......####.## .# #...........# .# #......###### ## #...R..# ## #...@..# ... #......# ... #......# ... #...<..# ### ######## # Turn 5369 on D:4: not much but I'll take it

#......#'###+##......#....#....
#......#.....#...##..#....#....
#......+.....#...##..#....#....
#......#.....##..##..#....#<...
###..#####.....##..##..#....#....
.....# #.>.......#...#....#....
.....# #.........'...#....#....
#....# #...########..#....#....
#...(#####...#..@...#..#....#.###
#........#..R#......#..#....#.###
#........#...'......#..#....#.##.
#........###'#......+..'....#.#8.
#...................#..#....#.##.
#...................####....#.##.
#...................#..'....#.##.
#########...........#..#....#.#8.
#..###'##......####....#.##.


Turn 10646 on D:7: ok I just fought 6 death yaks at once... on D:8
........####.........#####.# ........# #.###.#####. ### ........####....#.#
.###.# .......##.........###.....# .......##......%§§§#.......
............).%%§§.%N≈≈%≈≈. #.......#.......§§§'.§§≈≈≈.
#......###......§§§%)§≈≈≈≈. ######## ##.....8§§#....... .####.#
###.....###.....# ....#.# #########.###.# ......### #######.##. ###
........#####........#####.# .......#...................#
#..........................# #..........)...........######
#.......#((.)..)......## ##.## Turn 49638 on Snake:4: epic
...#####............######....... ...# #......................... ####
#...........######.......# #...........# #.......# #######......>....# #.......#
##.....#...........# #.####'## .......#...........# #.####'##
.......#...........######........ .......#########8#.#....#........ .......#
#....3...'....'........ .......####4...##..#....#........
'#.............##..#....#........ .###......&...)'..>#....#........ .#
#...........#####....#.###.... .# #...........# ##.....#.# #.... .#
#...........# #.P...P..###.... .# #...........###..........+.... Turn 68964 on
D:1: last boss time ##### #...........######....... #...........# #.......
#######......>....# #....... ###.....#...........# #.####'#
........#...........# #.####'# ........#........4..######.......
........#########'#.#....#....... ........# #..).....'....'.......
).......####..§.8#..#....#....... #'#.........4.R.##..#....#.......
#.###..........)'..>#....#....... ..# #...........#####....#.###... ..#
#...........# ##.....#.# #... ..# #...........# #.P...P..###... ..#
#...........###..........+... ..###.......######....<.....##...
....'.......'....##.........##### Turn 68975 on D:1: amazing, the pan lord got
paralyzed ##### #...........######....... #..........L# #.......
#######......>..3&# #....... ###.....#...........# #.####'#
........#...........# #.####'# ........#.......§...######.......
........#########'#.#....#....... ........# #..).....'....'.......
).......####...R8#..#....#....... #'#.............##..#....#.......
#.###..........)'..>#....#....... ..# #...........#####....#.###... ..#
#...........# ##.....#.# #... ..# #...........# #.P...P..###... ..#
#...........###..........+... ..###.......######....<.....##...
....'.......'....##.........##### Turn 68981 on D:1: oh crap it wasn't the final
form!!!! ..# #..).....'....'............. ..####.....#..#....#.............
..........##..#.3..#............. .........)'..>#....#.............
..........#####.R..#.###......#.. ..........# ##.....#.# #......#.. ..........#
#.P...P..###......#.. ..........###..........+......'..
......######....8.....##......##. ......'....##.........##########.
......#######.P...P..## #.. ......# ##.......# ### ####### ##.....## #######
Turn 69011 on D:1: gg

Levels and vault maps discovered:
D:1:      dpeg_arrival_orchard, layout_basic, minivault_14
D:2:      minmay_razor_zed, layout_rooms, first_ration, uniq_terence,
          uniq_crazy_yiuf_cottage
D:3:      layout_basic, chequers_ecumenical_altar_simple_redux,
          kennysheep_generic_room_7
D:4:      black_bear_nest_1, layout_rooms, serial_corexii_hall,
          corexii_hall_statues_x, corexii_hall_statues_x, uniq_eustachio
D:5:      layout_basic, gammafunk_temple_overflow_statue
D:6:      layout_loops_corners, minmay_temple_entry_hall, serial_shops,
          shop_fountains, nicolae_shop_behind_doors
D:7:      layout_gridville, minitemple, corexii_hall_statues_l, the_bakery
D:8:      layout_cave_pools, dpeg_lair_monsters, serial_shops,
          kennysheep_mini_moat
D:9:      layout_basic, trog_ov_bears_minmay, uniq_harold
D:10:     layout_irregular_city, gammafunk_ghost_hydra_chop,
          ebering_dispersal_statue_hall, evilmike_ruin_ashenzari, uniq_snorg
D:11:     layout_basic
D:12:     layout_roguey, kennysheep_orc_monster_closet_entryway, uniq_erolcha
D:13:     layout_loops_ring, skrybe_vaults_entry_preservation
D:14:     minmay_the_grid_4x2 [minmay_the_grid_minigrid_large,
          minmay_the_grid_armoury, minmay_the_grid_holed_spiral,
          minmay_the_grid_medium_cups, minmay_the_grid_dragon_a,
          minmay_the_grid_all_tris, minmay_the_grid_fan,
          minmay_the_grid_prize_four_corners], layout_stronghold,
          chequers_serial_rivers_large_a
D:15:     gammafunk_enter_depths_forms, layout_small_grid, special_room
          [special_room_bee], grunt_decor_resistance, jiyva_altar_1, uniq_azrael
Lair:1:   layout_cave_pods, st_stairs_12, worms_lemuel
Lair:2:   lemuel_reptile_caves, layout_chaotic_city,
          nicolae_volcano_entry_two_sided, grunt_forest_large_clearings
Lair:3:   layout_cave_pods, nicolae_swamp_entry_splash_gauntlet,
          serial_bayou_shore_a, grunt_megastairs_3
Lair:4:   gammafunk_lair_enchanted_lake, layout_hall_layers,
          minmay_snake_entry_six_corridors, lemuel_old_faithful,
          serial_bayou_shore_b
Lair:5:   layout_cellular_growth, dpeg_slime_entry_corner
Lair:6:   hangedman_lair_tendril_chambers, layout_long_grid,
          hangedman_lair_caniforms_friends, chequers_serial_rivers_micro_c,
          grunt_forest_large_clearing_hut
Swamp:1:  layout_basic_swamp, nicolae_swamp_fairy_circle,
          infiniplex_staircase_pool_2, uniq_roxanne
Swamp:2:  layout_basic_swamp, evilmike_swamp_ruin_wall, swamp_pool3, uniq_aizul
Swamp:3:  layout_basic_swamp, gammafunk_ghost_wrathful_warriors,
          nicolae_swamp_round_clearing
Swamp:4:  swamp_vile, layout_basic_swamp, swamp_pool2, uniq_kirke
Snake:1:  onia_ninara_swampy_vault, layout_basic, serial_bayou_pond_d,
          uniq_nikola, uniq_asterion
Snake:2:  layout_chambers, uniq_donald
Snake:3:  gammafunk_its_a_trap, layout_onion, guppyfry_snake_island,
          uniq_vashnia
Snake:4:  grunt_snake_rune_pools, layout_chambers
Orc:1:    nicolae_orc_accident_2, layout_caves, serial_shops, shop
Orc:2:    st_orc_open, layout_caves, nicolae_orc_tapped_out, uniq_sonja
Elf:1:    eino_elf_arrival_shootout, layout_geoelf_grid, evilmike_minifort,
          st_stairs_6
Elf:2:    layout_onion_city
Elf:3:    elf_hall_gauntlet_wide, layout_geoelf_castle
Vaults:1: nicolae_vaults_quartermaster, nicolae_vaults_network_periphery,
          vaults_mumra_hex, v_misc_8, v_misc_18, grunt_vaults_hallway_long,
          vaults_mumra_hexcomb, vaults_dpeg_ring, layout_vaults_omnigrid
Vaults:2: gammafunk_vaults_ghost_cemetery, nicolae_vaults_c_with_doors,
          vaults_mumra_lcd, v_misc_9, ontoclasm_vaults_shuriken,
          ontoclasm_vaults_decontamination, vaults_standard_mumra_x,
          hangedman_vaults_maws, vaults_room_grunt_arrival_ludios,
          layout_vaults_big_room
Vaults:3: minmay_crypt_entry_skeletal_spiral, hangedman_vaults_corner_blocks,
          hangedman_vaults_pinch, vaults_standard_mumra_enter_the_diamond,
          hangedman_vaults_corner, nicolae_vaults_hallways_thing, v_misc_30,
          hangedman_vaults_variations, nicolae_vaults_little_squares_6,
          nicolae_vaults_angled_halls, v_misc_10, nicolae_vaults_rhombus_5,
          nicolae_vaults_theta, st_hourglassy, nicolae_vaults_little_squares_5,
          layout_vaults_omnibox, serial_shops, nicolae_shop_statue_plus,
          uniq_frederick, uniq_margery, uniq_mennas, uniq_bai_suzhen,
          uniq_sojobo
Vaults:4: hangedman_vaults_locks, nicolae_vaults_little_squares_1,
          nicolae_vaults_shelves_hall, nicolae_vaults_asterisk,
          ontoclasm_vaults_fault, ontoclasm_vaults_misaligned,
          ontoclasm_vaults_idyll, nicolae_vaults_windows_and_doors_thing,
          hangedman_vaults_slice, vaults_dpeg_hooks,
          nicolae_vaults_network_star, serial_ice_b, ontoclasm_vaults_pinch,
          kb_rosetta, layout_vaults_ring, basic_altar
Vaults:5
Depths:1: layout_long_grid, nicolae_benzene_ring, grunt_hell_entry_dis_grunt,
          pan_entry, minmay_acid_items
Depths:2: grunt_profane_halls [grunt_profane_temple_geh,
          grunt_profane_temple_dis, grunt_profane_temple_coc,
          grunt_profane_temple_tar, grunt_profane_loot], hell_entry
Depths:3: minmay_complete_graph, layout_gridlike, grunt_pan_entry_in_and_out,
          minmay_misc_feat_tower, hell_entry, uniq_enchantress
Depths:4: gammafunk_corrupted_shrine, layout_cave_pools, enter_ziggurat_d,
          hell_entry, serial_shops, shop, abyss_entry, pan_entry,
          minmay_misc_feat_ornament
Depths:5: grunt_x_marks_the_spot, layout_cave_pools, serial_sigils,
          serial_sigils_hangedman_leer, serial_sigils_hangedman_scratch,
          serial_sigils_hangedman_stare, serial_sigils_hangedman_carve,
          serial_sigils_hangedman_snap, hell_entry, rand_demon_pan_entry_5
Zot:1:    kennysheep_blocky_room, layout_basic, grunt_megastairs_2
Zot:2:    grunt_zot_stairs_mandelzot, layout_twisted_circle
Zot:3:    layout_misc_corridors
Zot:4:    layout_concentric_octagons, nicolae_zot_crop_circle
Zot:5:    layout_misc_corridors

Skill      XL: |  1  2  3  4  5  6  7  8  9 10 11 12 13 14 15 16 17 18 19 20 21 22 23 24 25 26 27 |
---------------+----------------------------------------------------------------------------------+-----
Fighting       | 1 2 3 4 6 7 8 9 10 11 13 14 15 16 18 19 20 | 20.4
Dodging        | 1 2 3 4 5 7 10 11 12 14 15 16 17 18 19 20 | 20.4
Stealth        | 3 4 |  4.0
Summonings     | 1 2 |  2.0
Spellcasting   | 4 5 7 9 11 | 11.0
Conjurations   | 1 3 4 |  4.0
Fire Magic     | 2 3 4 |  4.0
Polearms       | 2 6 8 9 10 | 10.0
Shields        | 2 4 7 10 13 15 | 15.0
Invocations    | 5 7 8 9 10 11 12 13 15 | 15.0
Translocations | 2 7 8 |  8.0
Earth Magic    | 6 8 9 11 13 | 13.0
Necromancy     | 1 8 10 | 10.0
Evocations     | 3 5 7 10 13 | 13.3
Transmutations | 4 8 11 | 11.0
Unarmed Combat | 5 9 12 14 15 16 17 18 19 20 | 20.4
Ice Magic      | |  1.0

Action                   |  1- 3 |  4- 6 |  7- 9 | 10-12 | 13-15 | 16-18 | 19-21 | 22-24 | 25-27 || total
-------------------------+-------+-------+-------+-------+-------+-------+-------+-------+-------++-------
Melee: Club              |    46 |       |       |       |       |       |       |       |       ||    46
       Constrict         |    18 |    25 |    32 |    85 |   150 |   135 |   179 |   168 |   111 ||   903
       Tentacles         |    17 |    27 |    25 |   121 |   392 |   361 |   301 |   340 |   303 ||  1887
       Short sword       |    24 |   100 |   111 |    32 |       |       |       |       |       ||   267
       Kick              |       |       |    36 |   179 |   582 |   595 |   520 |   558 |   357 ||  2827
       Trident           |       |       |    60 |   489 |  1369 |  1341 |   478 |       |       ||  3737
       Punch             |       |       |       |       |       |    37 |   163 |   243 |   220 ||   663
       Unarmed           |       |       |       |       |       |       |   436 |   903 |   784 ||  2123
       Peck              |       |       |       |       |       |       |       |       |    82 ||    82
Throw: Dart              |     2 |     1 |     1 |     2 |       |       |     1 |       |       ||     7
       Stone             |       |     2 |       |       |       |       |       |       |       ||     2
 Cast: Sandblast         |     7 |    23 |    19 |    35 |    14 |       |       |       |       ||    98
       Call Imp          |       |     2 |     5 |     5 |     3 |     3 |       |       |       ||    18
       Conjure Flame     |       |       |     5 |     8 |    10 |     4 |       |       |       ||    27
       Stone Arrow       |       |       |       |    23 |     7 |       |     3 |       |       ||    33
       Animate Skeleton  |       |       |       |    11 |   102 |    30 |       |       |       ||   143
       Agony             |       |       |       |       |    13 |       |       |       |       ||    13
       Statue Form       |       |       |       |       |       |    70 |    85 |    62 |    47 ||   264
       Lee's Rapid Decon |       |       |       |       |       |    10 |    61 |     6 |     2 ||    79
       Irradiate         |       |       |       |       |       |    10 |       |     4 |     1 ||    15
       Animate Dead      |       |       |       |       |       |     4 |     4 |     1 |       ||     9
       Lesser Beckoning  |       |       |       |       |       |       |     2 |    15 |     5 ||    22
       Apportation       |       |       |       |       |       |       |     1 |     2 |       ||     3
       Passage of Golubr |       |       |       |       |       |       |       |     2 |       ||     2
       Passwall          |       |       |       |       |       |       |       |       |     1 ||     1
Invok: Ancestor Identity |       |     2 |       |       |       |       |       |       |       ||     2
       Recall Ancestor   |       |     1 |     2 |     8 |    15 |     4 |     4 |     5 |     5 ||    44
       Ancestor Life: He |       |       |     1 |       |       |       |       |       |       ||     1
       Idealise          |       |       |       |       |     5 |       |       |     4 |     8 ||    17
       Transference      |       |       |       |       |       |     1 |     1 |     3 |     1 ||     6
 Abil: Evoke Invisibilit |       |       |       |       |     1 |     3 |     1 |       |       ||     5
       End Transformatio |       |       |       |       |       |     1 |     1 |       |     2 ||     4
Evoke: Wand              |       |       |       |     1 |     7 |     6 |       |       |     1 ||    15
       Phantom mirror    |       |       |       |       |     1 |       |       |       |       ||     1
       Tin of tremorston |       |       |       |       |       |     4 |     2 |       |     2 ||     8
       Phial of floods   |       |       |       |       |       |     1 |       |       |       ||     1
  Use: Potion            |     1 |       |     8 |     3 |     1 |       |     5 |     1 |    13 ||    32
       Scroll            |     3 |     3 |    13 |     9 |    16 |    13 |    10 |     5 |    12 ||    84
 Stab: Sleeping          |     2 |    13 |    11 |     9 |    40 |    17 |    16 |     7 |     6 ||   121
       Distracted        |       |     2 |     1 |     9 |    26 |    25 |     8 |    16 |    27 ||   114
       Confused          |       |       |     3 |    13 |    10 |     8 |    46 |    71 |    60 ||   211
       Invisible         |       |       |     3 |       |       |     4 |       |       |       ||     7
       Paralysed         |       |       |       |       |    18 |    40 |    32 |    34 |    25 ||   149
  Eat: Chunk             |     4 |     5 |    13 |    17 |    33 |    51 |    55 |    38 |    24 ||   240
       Ration            |       |     1 |     2 |     3 |     8 |     8 |     7 |     1 |     5 ||    35
Armor: Skin              |     5 |     3 |    14 |    36 |    22 |   189 |   110 |   127 |   114 ||   620
Dodge: Dodged            |    46 |    76 |    82 |   318 |   817 |  1522 |   924 |   906 |   826 ||  5517
Block: Buckler           |       |       |     6 |   155 |   398 |   689 |   387 |   431 |    93 ||  2159
       Kite shield       |       |       |       |       |       |       |       |       |   466 ||   466

Table legend:
 A = Non-vault XP
 B = Vault XP
 C = Vault XP percentage of total XP
 D = Non-vault monster count
 E = Vault monster count
 F = Vault count percentage of total count
                 A         B        C        D         E       F
            +---------+---------+-------+---------+---------+-------
      Total |  703666 |  761768 |  52.0 |    1401 |     864 |  38.1
            +---------+---------+-------+---------+---------+-------
        D:1 |      40 |       0 |   0.0 |      19 |       0 |   0.0
        D:2 |     128 |      98 |  43.4 |      28 |      14 |  33.3
        D:3 |      70 |       5 |   6.7 |      20 |       3 |  13.0
        D:4 |     622 |     345 |  35.7 |      21 |       2 |   8.7
        D:5 |     326 |       0 |   0.0 |      14 |       0 |   0.0
        D:6 |     741 |       0 |   0.0 |      15 |       0 |   0.0
        D:7 |     710 |     220 |  23.7 |      20 |       1 |   4.8
        D:8 |     499 |    5195 |  91.2 |       5 |       6 |  54.5
        D:9 |     897 |    1776 |  66.4 |      17 |       4 |  19.0
       D:10 |    2110 |    2139 |  50.3 |      27 |       2 |   6.9
       D:11 |    3426 |       0 |   0.0 |      31 |       0 |   0.0
       D:12 |    4099 |    1995 |  32.7 |      18 |      21 |  53.8
       D:13 |    3835 |    3381 |  46.9 |      15 |       9 |  37.5
       D:14 |    9132 |   13343 |  59.4 |      31 |      30 |  49.2
       D:15 |    9337 |    8893 |  48.8 |      29 |      46 |  61.3
     Lair:1 |    2448 |       0 |   0.0 |      10 |       0 |   0.0
     Lair:2 |    5598 |    5507 |  49.6 |      29 |      58 |  66.7
     Lair:3 |    6177 |    1460 |  19.1 |      27 |       7 |  20.6
     Lair:4 |    3267 |    2303 |  41.3 |      15 |      16 |  51.6
     Lair:5 |    8561 |     452 |   5.0 |      19 |       1 |   5.0
     Lair:6 |   11100 |   19294 |  63.5 |      28 |      93 |  76.9
    Swamp:1 |   15302 |    1625 |   9.6 |      39 |       1 |   2.5
    Swamp:2 |    9443 |    1321 |  12.3 |      19 |       1 |   5.0
    Swamp:3 |   12074 |       0 |   0.0 |      35 |       0 |   0.0
    Swamp:4 |    8981 |   22696 |  71.6 |      25 |      30 |  54.5
    Snake:1 |   20303 |   11078 |  35.3 |      40 |      14 |  25.9
    Snake:2 |   27708 |    1874 |   6.3 |      51 |       1 |   1.9
    Snake:3 |   20092 |   12707 |  38.7 |      35 |      16 |  31.4
    Snake:4 |   28421 |   36687 |  56.3 |      52 |      57 |  52.3
      Orc:1 |    1579 |     357 |  18.4 |      28 |       4 |  12.5
      Orc:2 |    4892 |   14944 |  75.3 |      34 |      37 |  52.1
      Elf:1 |   17740 |   13417 |  43.1 |      28 |      22 |  44.0
      Elf:2 |   11075 |    3166 |  22.2 |      17 |       4 |  19.0
      Elf:3 |   15966 |   33806 |  67.9 |      23 |      22 |  48.9
   Vaults:1 |   43953 |   23885 |  35.2 |      77 |      39 |  33.6
   Vaults:2 |   27525 |   26489 |  49.0 |      53 |      31 |  36.9
   Vaults:3 |   22460 |   67519 |  75.0 |      35 |      69 |  66.3
   Vaults:4 |   32847 |   17074 |  34.2 |      53 |      22 |  29.3
   Vaults:5 |   56290 |  118570 |  67.8 |      80 |      89 |  52.7
   Depths:1 |   56928 |     493 |   0.9 |      78 |       1 |   1.3
   Depths:2 |       0 |    1127 | 100.0 |       0 |       1 | 100.0
   Depths:3 |   14721 |       0 |   0.0 |      19 |       0 |   0.0
   Depths:4 |   30114 |       0 |   0.0 |      37 |       0 |   0.0
   Depths:5 |   55029 |   19087 |  25.8 |      39 |      17 |  30.4
      Zot:1 |   23847 |       0 |   0.0 |      15 |       0 |   0.0
      Zot:2 |   11485 |   45601 |  79.9 |      10 |      24 |  70.6
      Zot:3 |    2310 |       0 |   0.0 |       1 |       0 |   0.0
      Zot:4 |    6704 |       0 |   0.0 |       5 |       0 |   0.0
      Zot:5 |   52754 |  221839 |  80.8 |      35 |      49 |  58.3
            +---------+---------+-------+---------+---------+-------
